 Dungeon Crawl Stone Soup version 0.28.0 (webtiles) character file.

Game seed: 13546359156499748632

562 psuckher the Archer (level 7, -10/56 HPs)
             Began as a Gnoll Wanderer on Feb 16, 2022.
             Mangled by a two-headed ogre (18 damage)
             ... on level 4 of the Dungeon.
             The game lasted 00:22:35 (3488 turns).

psuckher the Archer (Gnoll Wanderer)                Turns: 3488, Time: 00:22:36

Health: -10/56     AC:  4    Str: 10    XL:     7   Next: 32%
Magic:  10/10      EV: 14    Int:  8    God:
Gold:   157        SH:  0    Dex: 18    Spells: 10/10 levels left

rFire   + . .      SeeInvis .   q - +4 flail (vorpal)
rCold   . . .      Faith    .   (no shield)
rNeg    . . .      Spirit   .   e - +0 leather armour
rPois   .          Reflect  .   (no helmet)
rElec   .          Harm     .   d - +0 cloak
rCorr   .          Rampage  .   (no gloves)
Will    .....                   (no boots)
Stlth   ++........              s - amulet of regeneration
HPRegen 0.98/turn               (no ring)
MPRegen 0.12/turn               (no ring)

@: no status effects
A: fangs 1, strong nose, distributed training, fire resistance 1
a: no special abilities


You were on level 4 of the Dungeon.
You visited 1 branch of the dungeon, and saw 4 of its levels.

You collected 157 gold pieces.

Inventory:

Hand Weapons
 a - a +2 shortbow
 c - a +0 short sword
 m - a +0 scythe
 n - a +2 vorpal hunting sling
 q - a +4 vorpal flail (weapon)
Missiles
 b - 3 atropa-tipped darts (quivered)
 o - 12 arrows
 p - 61 stones
Armour
 d - a +0 cloak (worn)
 e - a +0 leather armour (worn)
Jewellery
 l - an amulet of magic regeneration
 s - an amulet of regeneration (around neck)
Scrolls
 f - 2 scrolls of magic mapping {unknown}
 h - 2 scrolls of vulnerability {unknown}
 i - a scroll of identify {unknown}
 j - a scroll of blinking {unknown}
 k - a scroll of teleportation
 w - a scroll of silence {unknown}
Potions
 g - a potion of mutation
 r - a potion of flight {unknown}
 t - a potion of might {unknown}
 u - a potion of attraction {unknown}
 v - a potion of degeneration {unknown}


   Skills:
 + Level 5.2 Fighting
 + Level 3.5 Short Blades
 + Level 2.4 Long Blades
 + Level 2.4 Axes
 + Level 2.4 Maces & Flails
 + Level 2.4 Polearms
 + Level 2.4 Staves
 + Level 2.4 Slings
 + Level 8.9 Bows
 + Level 2.4 Crossbows
 + Level 2.4 Throwing
 + Level 2.4 Armour
 + Level 5.2 Dodging
 + Level 2.4 Stealth
 + Level 2.4 Shields
 + Level 2.4 Unarmed Combat
 + Level 2.4 Spellcasting
 + Level 2.0 Conjurations
 + Level 2.0 Hexes
 + Level 2.0 Summonings
 + Level 2.0 Necromancy
 + Level 2.0 Translocations
 + Level 2.0 Transmutations
 + Level 2.0 Fire Magic
 + Level 2.0 Ice Magic
 + Level 2.0 Air Magic
 + Level 2.0 Earth Magic
 + Level 2.0 Poison Magic
 + Level 2.6 Invocations
 + Level 3.5 Evocations


You had 10 spell levels left.
You didn't know any spells.
Your spell library contained the following spells:

 Spells                   Type           Power      Damage    Failure   Level
 Gell's Gravitas          Tloc           4%         N/A       52%         3
 Teleport Other           Tloc           4%         N/A       52%         3
 Dispersal                Tloc           2%         N/A       100%        6


Dungeon Overview and Level Annotations

Branches:
Dungeon (4/15)
 Temple: D:4-7

Altars:
Makhleb
Uskayaw

Shops:
D:3 :

Annotations:
D:4 2 runed translucent doors


Innate Abilities, Weirdness & Mutations

You have very sharp teeth.
Your uncanny sense of smell can sniff out nearby items.
Your experience applies equally to all skills.
Your flesh is heat resistant. (rF+)


Message History

There is an open door here.
A goblin comes into view. It is wielding a +0 club.
The helpless goblin fails to defend itself.
You hit the goblin.
The goblin is almost dead.
The goblin misses you. x2
You barely miss the goblin.
The goblin is almost dead.
The goblin barely misses you.
You hit the goblin.
You kill the goblin!
A giant cockroach comes into view.
You see here a +0 club.
The helpless giant cockroach fails to defend itself.
You sock the giant cockroach!
You kill the giant cockroach!
You see here a giant cockroach corpse.
A ball python and a hobgoblin come into view.
A two-headed ogre comes into view.
It is wielding a +0 giant spiked club and a +0 giant club.
Found 12 stones and a faintly glowing robe.
The two-headed ogre shouts in stereo!
The hobgoblin shouts!
You see here a giant cockroach corpse.
You sock the hobgoblin!
You kill the hobgoblin!
You see here a hobgoblin corpse.
You hit the two-headed ogre.
You bite the two-headed ogre, but do no damage.
The two-headed ogre is lightly wounded.
The two-headed ogre completely misses you.
The two-headed ogre barely misses you.
You completely miss the two-headed ogre.
The two-headed ogre is lightly wounded.
The two-headed ogre hits you with a +0 giant spiked club!!
The two-headed ogre hits you with a +0 giant club.
You hit the two-headed ogre. Your bite misses the two-headed ogre.
The two-headed ogre is lightly wounded.
The two-headed ogre hits you with a +0 giant spiked club!!
* * * LOW HITPOINT WARNING * * *
The two-headed ogre hits you with a +0 giant club!!
You die...

.+..# ...# +..# ...#
#..# ...# ∆∆
##.#####...###
#.............
#'###....<....
###.#)##........ ∆
#[##.#.#.......#
..###@#.#...#.# ∆
#O.#O#.#...# .
#(##S#S#.#...# ∆
####....##.#...#.#
#####..######.........
.............).#####.#
..######.#####.#
#.#####.# #....##.#


You could see a two-headed ogre and a ball python.

Vanquished Creatures
  Grinder (D:3)
  Sigmund (D:2)
  A jelly (D:3)
  Terence (D:3)
  An orc wizard (D:4)
  4 adders
  2 worms (D:2)
  A dart slug (D:1)
  9 orcs
  6 endoplasms
  3 giant cockroaches
  7 goblins
  7 hobgoblins
  3 jackals (D:2)
  9 kobolds
  2 quokkas
  5 ball pythons
  6 frilled lizards
  6 rats
75 creatures vanquished.

Vanquished Creatures (others)
  4 demonic plants (D:2)
  A fungus (D:2)
  3 plants (D:2)
  2 withered plants (D:2)
10 creatures vanquished.

Grand Total: 85 creatures vanquished

Notes
Turn   | Place    | Note
-------+----------+-------------------------------------------
     0 | D:1      | psuckher the Gnoll Wanderer began the quest for the Orb.
     0 | D:1      | psuckher set off with the following items: a +2 shortbow,
                  | 26 arrows, a +0 short sword, a +0 cloak, a +0 leather
                  | armour
     0 | D:1      | Reached XP level 1. HP: 20/20 MP: 1/1
   217 | D:1      | Reached XP level 2. HP: 19/26 MP: 2/2
   910 | D:2      | Reached XP level 3. HP: 31/31 MP: 3/3
   988 | D:2      | Reached skill level 1 in Invocations
  1201 | D:2      | Reached skill level 1 in Long Blades
  1201 | D:2      | Reached skill level 1 in Axes
  1201 | D:2      | Reached skill level 1 in Maces & Flails
  1201 | D:2      | Reached skill level 1 in Polearms
  1201 | D:2      | Reached skill level 1 in Staves
  1201 | D:2      | Reached skill level 1 in Slings
  1201 | D:2      | Reached skill level 1 in Crossbows
  1201 | D:2      | Reached skill level 1 in Throwing
  1201 | D:2      | Reached skill level 1 in Armour
  1201 | D:2      | Reached skill level 1 in Stealth
  1201 | D:2      | Reached skill level 1 in Shields
  1201 | D:2      | Reached skill level 1 in Unarmed Combat
  1201 | D:2      | Reached skill level 1 in Spellcasting
  1215 | D:2      | Reached XP level 4. HP: 36/38 MP: 5/5
  1262 | D:2      | Noticed Sigmund
  1274 | D:2      | Killed Sigmund
  1275 | D:2      | Reached skill level 1 in Conjurations
  1275 | D:2      | Reached skill level 1 in Hexes
  1275 | D:2      | Reached skill level 1 in Summonings
  1275 | D:2      | Reached skill level 1 in Necromancy
  1275 | D:2      | Reached skill level 1 in Translocations
  1275 | D:2      | Reached skill level 1 in Transmutations
  1275 | D:2      | Reached skill level 1 in Fire Magic
  1275 | D:2      | Reached skill level 1 in Ice Magic
  1275 | D:2      | Reached skill level 1 in Air Magic
  1275 | D:2      | Reached skill level 1 in Earth Magic
  1275 | D:2      | Reached skill level 1 in Poison Magic
  1275 | D:2      | Reached XP level 5. HP: 36/43 MP: 5/7
  1448 | D:2      | Found a hide-covered altar of Uskayaw.
  1486 | D:2      | Reached XP level 6. HP: 50/50 MP: 8/8
  1530 | D:2      | Found a faded altar of an unknown god.
  2153 | D:3      | Noticed Terence
  2157 | D:3      | Gained mutation: You are robust. (+10% HP) [potion of
                  | mutation]
  2157 | D:3      | Lost mutation: You are robust. (+10% HP) [potion of
                  | mutation]
  2157 | D:3      | Gained mutation: Your flesh is heat resistant. (rF+)
                  | [potion of mutation]
  2177 | D:3      | Killed Terence
  2628 | D:3      | Reached skill level 5 in Fighting
  2628 | D:3      | Reached skill level 5 in Dodging
  2796 | D:3      | Found a burning altar of Makhleb.
  2844 | D:3      | Noticed Grinder
  2876 | D:3      | Paralysed by Grinder for 2 turns
  2879 | D:3      | Killed Grinder
  2880 | D:3      | Reached XP level 7. HP: 37/56 MP: 10/10
  2993 | D:3      | Found Wonwoama's Book Emporium.
  3461 | D:4      | Found a large runed translucent door.
  3461 | D:4      | Found a large runed translucent door.
  3477 | D:4      | Noticed a two-headed ogre
  3488 | D:4      | Mangled by a two-headed ogre

Illustrated notes

Levels and vault maps discovered:
D:1:      lemuel_arrival_behind_the_door_large, layout_basic,
          minmay_misc_feat_columns, minmay_misc_feat_four_crosses
D:2:      layout_basic, shapermc_ecumenical_altar_gd, basic_altar, uniq_sigmund
D:3:      layout_basic, amcnicky_altar_gilded, serial_shops, nicolae_shop_stone,
          minmay_unequal, uniq_grinder, uniq_terence
D:4:      layout_loops_cross, minmay_hollow_rounded_squares

Skill      XL: |  1  2  3  4  5  6  7 |
---------------+----------------------+-----
Invocations    | 1 2 |  2.6
Long Blades    | 1 2 |  2.4
Axes           | 1 2 |  2.4
Maces & Flails | 1 2 |  2.4
Polearms       | 1 2 |  2.4
Staves         | 1 2 |  2.4
Slings         | 1 2 |  2.4
Crossbows      | 1 2 |  2.4
Throwing       | 1 2 |  2.4
Armour         | 1 2 |  2.4
Stealth        | 1 2 |  2.4
Shields        | 1 2 |  2.4
Unarmed Combat | 1 2 |  2.4
Spellcasting   | 1 2 |  2.4
Short Blades   | 3 |  3.5
Conjurations   | 1 2 |  2.0
Hexes          | 1 2 |  2.0
Summonings     | 1 2 |  2.0
Necromancy     | 1 2 |  2.0
Translocations | 1 2 |  2.0
Transmutations | 1 2 |  2.0
Fire Magic     | 1 2 |  2.0
Ice Magic      | 1 2 |  2.0
Air Magic      | 1 2 |  2.0
Earth Magic    | 1 2 |  2.0
Poison Magic   | 1 2 |  2.0
Evocations     | 3 |  3.5
Fighting       | 5 |  5.2
Dodging        | 5 |  5.2
Bows           | |  8.9

Action                   |  1- 3 |  4- 6 |  7- 9 || total
-------------------------+-------+-------+-------++-------
Melee: Shortbow          |    33 |     7 |       ||    40
       Bite              |     3 |     3 |     1 ||     7
       Flail             |       |    49 |    29 ||    78
       Scythe            |       |     1 |       ||     1
       Punch             |       |     1 |       ||     1
 Fire: Shortbow          |    79 |    54 |       ||   133
Throw: Dart              |       |     1 |       ||     1
  Use: Potion            |       |     2 |       ||     2
       Scroll            |       |     1 |       ||     1
 Stab: Sleeping          |       |     1 |     2 ||     3
       Distracted        |       |     1 |       ||     1
Armor: Leather armour    |    25 |    17 |     6 ||    48
Dodge: Dodged            |    44 |    65 |    14 ||   123
